 Dungeon Crawl Stone Soup version 0.31-b1-22-gc680215f68 (webtiles) character file.

Game seed: 15262578961968799333

420 Anriel the Slasher (level 6, -2/47 HPs)
             Began as a Human Gladiator on Jan 18, 2024.
             Slain by Blork the orc
             ... wielding a +0 mace
              (5 damage)
             ... on level 4 of the Dungeon.
             The game lasted 00:16:44 (3242 turns).

Anriel the Slasher (Human Gladiator)                Turns: 3242, Time: 00:16:44

Health: -2/47      AC: 13    Str: 15    XL:     6   Next: 94%
Magic:  6/6        EV:  8    Int:  8    God:
Gold:   93         SH:  0    Dex: 16    Spells: 5/5 levels left

rFire   . . .        a - +0 long sword
rCold   . . .        (no shield)
rNeg    . . .        e - +0 chain mail
rPois   .            c - +0 helmet
rElec   .            (no cloak)
rCorr   .            q - +0 pair of gloves
SInv    .            i - +0 pair of boots
Will    .....        (no amulet) Stlth
                     (no ring)
HPRegen 0.27/turn    (no ring)
MPRegen 0.10/turn

%: no passive effects
@: confused, ambrosia-drunk, attractive
A: explore regen
a: no special abilities


You were on level 4 of the Dungeon.
You visited 1 branch of the dungeon, and saw 4 of its levels.

You collected 93 gold pieces.

Inventory:

Hand Weapons
 a - a +0 long sword (weapon)
Missiles
 k - a javelin (quivered)
Armour
 c - a +0 helmet (worn)
 e - a +0 chain mail (worn)
 i - a +0 pair of boots (worn)
 n - a +0 kite shield
 q - a +0 pair of gloves (worn)
Scrolls
 g - 2 scrolls of teleportation
 l - a scroll of amnesia
Potions
 h - 2 potions of might
 m - a potion of heal wounds {unknown}
 o - a potion of berserk rage {unknown}
 p - a potion of haste {unknown}


   Skills:
 + Level 3.6 Fighting
 - Level 5.0 Long Blades
 - Level 2.0 Throwing
 * Level 4.2 Armour
 * Level 3.2 Dodging


You had 5 spell levels left.
You didn't know any spells.
Your spell library contained the following spells:

 Spells                   Type           Power      Damage    Failure   Level
 Stone Arrow              Conj/Erth      0%         3d7       100%        3
 Animate Armour           Summ/Erth      0%         N/A       100%        4
 Lehudib's Crystal Spear  Conj/Erth      0%         10d2      100%        8


Dungeon Overview and Level Annotations

Branches:
Dungeon (4/15)
 Temple: D:4-7

Altars:
Trog

Annotations:
D:4 Blork the orc


Innate Abilities, Weirdness & Mutations

You regain HP and MP as you explore.


Message History

You are frozen.
Blork the orc gestures at you while chanting.
The puff of flame misses you.
You hit the endoplasm.
You kill the endoplasm!
You feel sick. Blork the orc barely misses you.
Blork the orc hits you with a +0 mace.
You slash the ball python!
You kill the ball python!
You feel sick. Blork the orc barely misses you.
Blork the orc points at you and mumbles some strange words.
The puff of flame hits you.
* * * LOW HITPOINT WARNING * * *
Okay, then.
Okay, then.
Okay, then.
You feel sick.
You feel sick.
You are no longer poisoned.
Blork the orc screams, "I'm much stronger than you!"
Blork the orc attacks as he pursues you!
Blork the orc hits you with a +0 mace!
* * * LOW HITPOINT WARNING * * *
Blork the orc hits you with a +0 mace.
* * * LOW HITPOINT WARNING * * *
It was a potion of attraction.
You feel attractive to monsters. The orc is attracted toward you.
It was a potion of curing.
You feel better. Blork the orc hits you with a +0 mace!
* * * LOW HITPOINT WARNING * * *
The orc hits you with a +0 hand axe.
* * * LOW HITPOINT WARNING * * *
Blork the orc hits you but does no damage.
It was a potion of ambrosia.
You are confused.
You feel invigorated. The orc hits you with a +0 hand axe.
* * * LOW HITPOINT WARNING * * *
Blork the orc hits you with a +0 mace.
You die...

##...^......... ##.
## #####...##...##..
.. ###...##..#.#..
.#
###..........!#.#..#
#..........####..[#
#....))†##...####
######..#§.#.#
##.#o#..# #.
#.@o..##...
##..###...#
#(........
#.........
#.........
#..........
#...........
#............
#.............


You could see Blork the orc (fast) and an orc.

Vanquished Creatures
  A phantom (D:4)
  A bombardier beetle (D:3)
  A hound (D:4)
  2 sleepcaps
  5 adders
  8 gnolls
  A dart slug (D:1)
  2 ribbon worms
  14 orcs
  10 ball pythons
  2 bats (D:2)
  7 endoplasms
  4 giant cockroaches
  8 goblins
  4 hobgoblins
  8 quokkas
  3 frilled lizards (D:3)
  4 kobolds
  4 rats
89 creatures vanquished.

Notes
Turn   | Place    | Note
-------+----------+-------------------------------------------
     0 | D:1      | Anriel the Human Gladiator began the quest for the Orb.
     0 | D:1      | Reached XP level 1. HP: 16/16 MP: 1/1
    99 | D:1      | Reached XP level 2. HP: 18/22 MP: 2/2
   118 | D:1      | Reached skill level 1 in Armour
   510 | D:1      | Reached XP level 3. HP: 26/27 MP: 3/3
  1023 | D:2      | Reached XP level 4. HP: 28/34 MP: 4/4
  1291 | D:2      | Found a faded altar of an unknown god.
  1344 | D:2      | Reached skill level 4 in Long Blades
  1719 | D:3      | Reached XP level 5. HP: 38/40 MP: 5/5
  2586 | D:3      | Found a bloodstained altar of Trog.
  2944 | D:3      | Reached XP level 6. HP: 47/47 MP: 6/6
  3153 | D:4      | Reached skill level 5 in Long Blades
  3218 | D:4      | Noticed Blork the orc
  3239 | D:4      | HP: 2/47 [Blork the orc/+0 mace (9)]
  3242 | D:4      | Slain by Blork the orc

Illustrated notes

Levels and vault maps discovered:
D:1:      minmay_arrival_stone_box, layout_basic
D:2:      layout_loops_ring, shapermc_ecumenical_altar_mp_urbaneastern
D:3:      layout_basic, trog_butcher_becter
D:4:      layout_cave_pods, cheibrodos_sewer_entry_bend, serial_undead,
          serial_undead_a, serial_undead_a, serial_undead_a, serial_undead_f,
          minmay_misc_feat_more_columns, kennysheep_another_room, st_stairs_9,
          minmay_bent, uniq_blork_the_orc, uniq_pikel

Skill      XL: |  1  2  3  4  5  6 |
---------------+-------------------+-----
Armour         | 1 2 3 4 |  4.2
Long Blades    | 4 5 |  5.0
Fighting       | 3 |  3.6
Throwing       | |  2.0
Dodging        | |  3.2

Action                     |  1- 3 |  4- 6 || total
---------------------------+-------+-------++-------
  Melee: Long sword        |    84 |   238 ||   322
         Punch             |       |     5 ||     5
  Throw: Javelin           |     2 |    10 ||    12
         Throwing net      |       |     3 ||     3
    Use: Scroll            |     3 |     6 ||     9
         Potion            |       |     3 ||     3
 Armour: Leather armour    |    16 |       ||    16
         Ring mail         |    42 |    49 ||    91
         Scale mail        |       |     9 ||     9
         Chain mail        |       |   155 ||   155
  Dodge: Dodged            |    48 |   120 ||   168
